 Dungeon Crawl Stone Soup version 0.24.1-4-ge52af88ad5 (console) character file.

Game seed: 13324582587524617397, levelgen mode: deterministic

601 Kloppie the Slasher (level 7, -4/45 HPs)
             Began as a Halfling Fighter on Apr 13, 2020.
             Killed from afar by kandel6's ghost (8 damage)
             ... with a magic dart
             ... on level 4 of the Dungeon.
             The game lasted 00:07:51 (4139 turns).

Kloppie the Slasher (Halfling Fighter)              Turns: 4139, Time: 00:07:51

Health: -4/45      AC:  8    Str: 24    XL:     7   Next: 69%
Magic:  7/7        EV: 11    Int:  8    God:
Gold:   252        SH:  6    Dex: 14    Spells: 6/6 levels left

rFire    . . .     SeeInvis .   a - +0 long sword
rCold    + . .     Gourm    .   s - +0 buckler
rNeg     . . .     Faith    .   v - +1 scale mail {rC+}
rPois    .         Spirit   .   (no helmet)
rElec    .         Reflect  .   (no cloak)
rCorr    .         Harm     .   (no gloves)
MR       .....                  (no boots)
Stlth    ..........             (no amulet)
HPRegen  0.15/turn              (no ring)
MPRegen  0.10/turn              (no ring)

@: mighty, about to teleport
A: small, clever 1, mutation resistance 1
a: no special abilities


You were on level 4 of the Dungeon.
You were not hungry.

You visited 1 branch of the dungeon, and saw 4 of its levels.

You collected 252 gold pieces.

Inventory:

Hand Weapons
 a - a +0 long sword (weapon)
 b - a +0 morningstar of holy wrath
Armour
 c - a +0 shield
 s - a +0 buckler (worn)
 v - a +1 scale mail of cold resistance (worn)
Jewellery
 j - an uncursed ring of flight
 n - a +4 amulet of reflection {unknown}
Wands
 t - a wand of scattershot (5)
Scrolls
 e - 6 scrolls of remove curse
 g - 3 scrolls of teleportation
 h - 4 scrolls of fear
 i - a scroll of enchant armour
 l - a scroll of magic mapping {unknown}
 p - 2 scrolls of amnesia
 r - a scroll of random uselessness {unknown}
 u - a scroll of immolation {unknown}
Potions
 d - a potion of might
 k - a potion of curing {unknown}
 m - a potion of haste {unknown}
 o - a potion of flight {unknown}
 q - a potion of invisibility {unknown}
Comestibles
 f - 5 rations


   Skills:
 - Level 2.6 Fighting
 + Level 5.7 Long Blades
 - Level 5.2 Armour
 + Level 5.4 Shields


You had 6 spell levels left.
You didn't know any spells.
Your spell library contained the following spells:

 Spells                   Type           Power        Failure   Level  Hunger
 Summon Small Mammal      Summ           #...         71%         1    ##.....
 Call Imp                 Summ           #.......     83%         2    ###....
 Call Canine Familiar     Summ           #.......     97%         3    ####...
 Summon Guardian Golem    Hex/Summ       #.......     97%         3    ####...
 Summon Ice Beast         Ice/Summ       #.......     100%        4    #####..
 Summon Lightning Spire   Summ/Air       #.......     100%        4    #####..


Dungeon Overview and Level Annotations

Branches:
Dungeon (4/15)
 Temple: D:4-7

Altars:
Cheibriados
Fedhas
Nemelex Xobeh
Qazlal
Uskayaw

Annotations:
D:4 1 runed translucent door, kandel6's ghost, amateur TrWz


Innate Abilities, Weirdness & Mutations

You are small and have problems with some larger weapons.
You are somewhat resistant to further mutation.
Your mind is acute. (Int +2)


Message History

Kandel6's ghost barely misses you.
You miss kandel6's ghost.
Kandel6's ghost is lightly damaged.
Kandel6's ghost closely misses you.
You miss kandel6's ghost.
Kandel6's ghost is lightly damaged.
Kandel6's ghost ripples.
Kandel6's ghost hits you!
* * * LOW HITPOINT WARNING * * *
Kandel6's ghost casts a spell at you. The magic dart hits you.
* * * LOW HITPOINT WARNING * * *
Your scale mail prevents you from hitting kandel6's ghost.
Kandel6's ghost is lightly damaged.
Kandel6's ghost hits you but does no damage.
As you read the scroll of teleportation, it crumbles to dust.
You feel strangely unstable.
Kandel6's ghost points at you and mumbles some strange words.
The magic dart hits you!
You die...

#........#.#...##.# #.
#.........^#......#### #.
#......[......###....# ##
#........###.........###.
#........###..#####......
#........#....# ##.....
#####.###..##.# ##....
#...###.###.#######....
#.......###.##......##.
#############.........#######.
##.#S≈≈≈≈≈≈≈≈#@.###.#### #.
#..+l≈≈≈$≈≈≈≈W..# #.# #######≈
#..#r≈≈≈≈≈≈≈≈#.####.####....#_≈
#.############...........#####≈
#.# #......####.#####...... #.#
#......# #.# ##.##### #.#
#......# #.####..#####
#.#######......# #...#........
#...........##### ###.#.≈≈≈≈≈.≈
##......^^...^.(## #.#.≈≈≈≈≈.≈
#.....#..^.≈^^#≈# #...≈≈≈≈≈.≈


You could see kandel6's ghost.

Vanquished Creatures
  Edmund (D:4)
  Duvessa (D:4)
  A scorpion (D:4)
  Dowan (D:4)
  2 worker ants (D:4)
  5 gnolls
  3 adders
  A river rat (D:4)
  3 oozes
  7 worms
  6 dart slugs
  5 leopard geckos
  5 orcs (D:3)
  5 bats
  6 giant cockroaches
  12 goblins
  9 hobgoblins
  6 jackals
  8 kobolds
  2 quokkas (D:4)
  4 frilled lizards
  A jackal skeleton (D:4)
  7 rats
101 creatures vanquished.

Notes
Turn   | Place    | Note
-------+----------+-------------------------------------------
     0 | D:1      | Kloppie the Halfling Fighter began the quest for the Orb.
     0 | D:1      | Reached XP level 1. HP: 15/15 MP: 1/1
    35 | D:1      | Reached XP level 2. HP: 13/20 MP: 2/2
   306 | D:1      | Reached XP level 3. HP: 5/25 MP: 3/3
   669 | D:1      | You fall into a shaft and drop 1 floor!
   810 | D:1      | Reached XP level 4. HP: 30/30 MP: 4/4
  1458 | D:2      | Found a hide-covered altar of Uskayaw.
  1539 | D:2      | Found a blossoming altar of Fedhas.
  1656 | D:2      | Found a sparkling altar of Nemelex Xobeh.
  1662 | D:2      | Reached XP level 5. HP: 35/35 MP: 5/5
  1936 | D:2      | Reached skill level 5 in Armour
  2959 | D:3      | Reached XP level 6. HP: 41/41 MP: 6/6
  3334 | D:4      | Gained mutation: Your natural rate of healing is unusually
                  | fast. [potion of mutation]
  3334 | D:4      | Gained mutation: Scrolls take you a little longer to read.
                  | [potion of mutation]
  3334 | D:4      | Gained mutation: You expend magic power (3 MP) to
                  | strengthen your wands. [potion of mutation]
  3421 | D:3      | Lost mutation: You expend magic power (3 MP) to strengthen
                  | your wands. [potion of mutation]
  3421 | D:3      | Lost mutation: Scrolls take you a little longer to read.
                  | [potion of mutation]
  3421 | D:3      | Lost mutation: Your natural rate of healing is unusually
                  | fast. [potion of mutation]
  3421 | D:3      | Gained mutation: Your mind is acute. (Int +2) [potion of
                  | mutation]
  3442 | D:4      | Found a runed translucent door.
  3442 | D:4      | Noticed kandel6's ghost (amateur TrWz)
  3464 | D:4      | Found a snail-covered altar of Cheibriados.
  3476 | D:4      | Noticed Dowan
  3476 | D:4      | Noticed Edmund
  3514 | D:4      | Killed Edmund
  3514 | D:4      | Reached skill level 5 in Long Blades
  3514 | D:4      | Reached XP level 7. HP: 36/45 MP: 7/7
  3527 | D:4      | Killed Dowan
  3527 | D:4      | Reached skill level 5 in Shields
  3541 | D:4      | Noticed Duvessa
  3574 | D:4      | Killed Duvessa
  3960 | D:4      | Found a stormy altar of Qazlal.
  3987 | D:4      | Found a runed translucent door.
  4139 | D:4      | Killed from afar by kandel6's ghost

Levels and vault maps discovered:
D:1:      evilmike_arrival_run_for_it, layout_rooms
D:2:      layout_rooms, nicolae_overflow_crystal_walls, fedhas_altar_2,
          lemuel_round_altar
D:3:      layout_basic, first_ration, minmay_randomly_rotated_circles
D:4:      layout_rooms, kennysheep_slug_shrine, grunt_qazlal_sundering,
          ebering_ghost_sewer_f, minivault_14, hangedman_decor_opposing,
          uniq_duvessa, uniq_edmund

Skill      XL: |  1  2  3  4  5  6  7 |
---------------+----------------------+-----
Armour         | 4 5 |  5.2
Long Blades    | 3 4 5 |  5.7
Shields        | 4 5 |  5.4
Fighting       | |  2.6

Action                   |  1- 3 |  4- 6 |  7- 9 || total
-------------------------+-------+-------+-------++-------
Melee: Long sword        |    79 |   240 |    57 ||   376
  Use: Scroll            |       |     6 |     1 ||     7
       Potion            |       |     2 |     2 ||     4
  Eat: Chunk             |       |     8 |     2 ||    10
       Ration            |       |       |     1 ||     1
Armor: Scale mail        |    28 |    78 |    13 ||   119
Dodge: Dodged            |    29 |   115 |    15 ||   159
Block: Shield            |    33 |    49 |       ||    82
       Buckler           |       |    24 |    11 ||    35
       Rpst.: Long sword |    16 |    34 |     2 ||    52
